 Dungeon Crawl Stone Soup version 0.28-a0-984-g3775c662fe (webtiles) character file.

Game seed: 14627042323986647346

184 fragbeetle the Grasshopper (level 5, -4/43 HPs)
             Began as a Gnoll Warper on Dec 3, 2021.
             Killed from afar by a steam dragon (11 damage)
             ... with a ball of steam
             ... on level 3 of the Dungeon.
             The game lasted 00:12:17 (3199 turns).

fragbeetle the Grasshopper (Gnoll Warper)           Turns: 3199, Time: 00:12:18

Health: -4/43      AC: 11    Str: 12    XL:     5   Next: 64%
Magic:  12/12      EV: 11    Int: 13    God:
Gold:   101        SH:  0    Dex: 11    Spells: 9/14 levels left

rFire   . . .      SeeInvis .   z - +2 short sword (venom)
rCold   . . .      Faith    .   (no shield)
rNeg    . . .      Spirit   .   f - quicksilver dragon scales
rPois   .          Reflect  .   (no helmet)
rElec   .          Harm     .   s - +0 cloak
rCorr   .          Rampage  .   (no gloves)
Will    +....                   (no boots)
Stlth   +.........              (no amulet)
HPRegen 0.14/turn               (no ring)
MPRegen 0.13/turn               (no ring)

@: no status effects
A: fangs 1, strong nose, distributed training
a: no special abilities


You were on level 3 of the Dungeon.
You visited 1 branch of the dungeon, and saw 4 of its levels.

You collected 101 gold pieces.

Inventory:

Hand Weapons
 a - a +0 spear
 h - a +0 mace
 q - a +0 whip
 v - a +0 trident
 y - a +2 antimagic dagger
 z - a +2 short sword of venom (weapon)
Missiles
 d - 5 boomerangs of dispersal (quivered)
 t - 3 throwing nets
 w - 5 atropa-tipped darts
Armour
 b - a +0 leather armour
 f - quicksilver dragon scales (worn)
 s - a +0 cloak (worn)
Jewellery
 l - a ring of flight
Wands
 x - a wand of polymorph (6)
Scrolls
 c - 2 scrolls of blinking
 e - a scroll of vulnerability {unknown}
 g - a scroll of identify {unknown}
 i - a scroll of immolation {unknown}
 k - 2 scrolls of teleportation
 n - a scroll of fog {unknown}
 p - a scroll of enchant armour {unknown}
 u - a scroll of silence {unknown}
Potions
 j - 3 potions of magic
 m - a potion of degeneration {unknown}
 o - a potion of haste {unknown}
 r - a potion of flight {unknown}


   Skills:
 + Level 4.8 Fighting
 + Level 1.6 Short Blades
 + Level 1.6 Long Blades
 + Level 1.6 Axes
 + Level 1.6 Maces & Flails
 + Level 4.8 Polearms
 + Level 1.6 Staves
 + Level 1.6 Slings
 + Level 1.6 Bows
 + Level 1.6 Crossbows
 + Level 3.0 Throwing
 + Level 3.0 Armour
 + Level 4.8 Dodging
 + Level 1.6 Stealth
 + Level 1.6 Shields
 + Level 1.6 Unarmed Combat
 + Level 5.2 Spellcasting
 + Level 1.2 Conjurations
 + Level 1.2 Hexes
 + Level 1.2 Summonings
 + Level 1.2 Necromancy
 + Level 5.5 Translocations
 + Level 1.2 Transmutations
 + Level 1.2 Fire Magic
 + Level 1.2 Ice Magic
 + Level 1.2 Air Magic
 + Level 1.2 Earth Magic
 + Level 1.2 Poison Magic
 + Level 1.8 Invocations
 + Level 1.6 Evocations


You had 9 spell levels left.
You knew the following spells:

 Your Spells              Type           Power      Damage    Failure   Level
a - Blink                 Tloc           34%        N/A       6%          2
b - Gell's Gravitas       Tloc           17%        N/A       12%         3

Your spell library contained the following spells:

 Spells                   Type           Power      Damage    Failure   Level
 Lesser Beckoning         Tloc           17%        N/A       12%         3
 Teleport Other           Tloc           17%        N/A       12%         3
 Static Discharge         Conj/Air       6%         N/A       34%         2
 Manifold Assault         Tloc           17%        N/A       73%         5
 Dispel Undead            Necr           6%         3d8       92%         4
 Sticky Flame             Conj/Fire      6%         2d3       92%         4


Dungeon Overview and Level Annotations

Branches:
Dungeon (4/15)
 Temple: D:4-7

Altars:
Ashenzari

Shops:
D:2 (

Annotations:
D:2 Terence


Innate Abilities, Weirdness & Mutations

You have very sharp teeth.
Your uncanny sense of smell can sniff out nearby items.
Your experience applies equally to all skills.


Message History

The adder is engulfed in a cloud of scalding steam.
There is an open door here.
The adder bites you but does no damage.
You barely miss the adder.
The adder is severely wounded.
The adder bites you but does no damage.
You completely miss the adder. You bite the adder, but do no damage.
The adder is severely wounded.
The adder bites you but does no damage.
You barely miss the adder.
The adder is severely wounded.
The adder bites you but does no damage. The adder bites you.
You are poisoned.
The adder poisons you!
You puncture the adder!
You kill the adder!
You feel sick. The steam dragon bites you. The steam dragon barely misses you.
You feel sick.
You barely miss the steam dragon.
You feel sick.
The steam dragon bites you but does no damage.
The steam dragon claws you but does no damage.
You hit the steam dragon.
The steam dragon is lightly wounded.
You feel sick. The steam dragon breathes steam at you.
The ball of steam hits you!!
* * * LOW HITPOINT WARNING * * *
Casting: Gell's Gravitas (dangerous; 12% risk of failure)
Confirm with . or Enter, or press ? or * to list all spells.
You don't know that spell.
Casting: Gell's Gravitas (dangerous; 12% risk of failure)
Confirm with . or Enter, or press ? or * to list all spells.
You blink.
You feel sick.
You feel sick.
You are no longer poisoned.
It was a potion of magic.
Magic courses through your body.
You feel stable enough to blink again. The steam dragon breathes steam at you.
The ball of steam hits you!
You die...

######### ###### #.......#
### #..... #.......####.#
#..... #.........D§.#
#.....
###'########D########.....
#.# #...§..............
#.# #..§.>.............
#S# #.@................
#.# #.............#####
#D# #.......####### # #.#
#....#### # #.# +..... #
#'# +...... # ... ........
∆ # #..!. ..###.... #
#..... #


There were no monsters in sight!

Vanquished Creatures
  Ijyb (D:3)
  Natasha (D:1)
  A hound zombie (D:3)
  A gnoll (D:2)
  5 adders
  A worm (D:2)
  7 orcs (D:3)
  6 endoplasms
  5 goblins
  4 hobgoblins
  2 jackals (D:2)
  3 quokkas
  4 ball pythons
  A bat (D:2)
  15 frilled lizards
  6 kobolds
  4 rats
67 creatures vanquished.

Notes
Turn   | Place    | Note
-------+----------+-------------------------------------------
     0 | D:1      | fragbeetle the Gnoll Warper began the quest for the Orb.
     0 | D:1      | Reached XP level 1. HP: 20/20 MP: 6/6
   105 | D:1      | Reached XP level 2. HP: 26/26 MP: 7/7
   183 | D:1      | Learned a level 2 spell: Blink
   392 | D:2      | Found a broken altar of Ashenzari.
   544 | D:1      | Reached XP level 3. HP: 31/31 MP: 9/9
   583 | D:1      | Reached skill level 5 in Spellcasting
   604 | D:2      | Noticed Terence
   898 | D:2      | Reached skill level 1 in Invocations
  1046 | D:2      | Reached skill level 1 in Short Blades
  1046 | D:2      | Reached skill level 1 in Long Blades
  1046 | D:2      | Reached skill level 1 in Axes
  1046 | D:2      | Reached skill level 1 in Maces & Flails
  1046 | D:2      | Reached skill level 1 in Staves
  1046 | D:2      | Reached skill level 1 in Slings
  1046 | D:2      | Reached skill level 1 in Bows
  1046 | D:2      | Reached skill level 1 in Crossbows
  1046 | D:2      | Reached skill level 1 in Stealth
  1046 | D:2      | Reached skill level 1 in Shields
  1046 | D:2      | Reached skill level 1 in Unarmed Combat
  1046 | D:2      | Reached skill level 1 in Evocations
  1447 | D:2      | Reached XP level 4. HP: 36/38 MP: 11/11
  1454 | D:2      | Noticed Natasha
  1489 | D:1      | Killed Natasha
  1490 | D:1      | Reached skill level 1 in Conjurations
  1490 | D:1      | Reached skill level 1 in Hexes
  1490 | D:1      | Reached skill level 1 in Summonings
  1490 | D:1      | Reached skill level 1 in Necromancy
  1490 | D:1      | Reached skill level 1 in Transmutations
  1490 | D:1      | Reached skill level 1 in Fire Magic
  1490 | D:1      | Reached skill level 1 in Ice Magic
  1490 | D:1      | Reached skill level 1 in Air Magic
  1490 | D:1      | Reached skill level 1 in Earth Magic
  1490 | D:1      | Reached skill level 1 in Poison Magic
  1756 | D:2      | Found a faded altar of an unknown god.
  1780 | D:2      | Found Xicit's Antique Weapon Emporium.
  2065 | D:3      | Learned a level 3 spell: Gell's Gravitas
  2122 | D:3      | Reached XP level 5. HP: 39/43 MP: 8/12
  2422 | D:3      | Noticed Ijyb
  2438 | D:3      | Killed Ijyb
  3173 | D:3      | Noticed a steam dragon
  3199 | D:3      | Killed from afar by a steam dragon

Illustrated notes

Levels and vault maps discovered:
D:1:      dpeg_arrival_round_a, layout_rooms, minmay_lizard_pond
D:2:      layout_basic, shapermc_ecumenical_altar_pompeii, basic_altar,
          serial_shops, nicolae_diamond_shop, minmay_tromino_i4, uniq_natasha,
          uniq_terence
D:3:      layout_basic, uniq_ijyb
D:4:      layout_cave_pods, nicolae_overflow_crystal_walls,
          general_overflow_altar, minmay_temple_entry_hall, serial_shops, shop,
          nicolae_shop_dragon_depot

Skill      XL: |  1  2  3  4  5 |
---------------+----------------+-----
Spellcasting   | 5 |  5.2
Invocations    | 1 |  1.8
Short Blades   | 1 |  1.6
Long Blades    | 1 |  1.6
Axes           | 1 |  1.6
Maces & Flails | 1 |  1.6
Staves         | 1 |  1.6
Slings         | 1 |  1.6
Bows           | 1 |  1.6
Crossbows      | 1 |  1.6
Stealth        | 1 |  1.6
Shields        | 1 |  1.6
Unarmed Combat | 1 |  1.6
Evocations     | 1 |  1.6
Conjurations   | 1 |  1.2
Hexes          | 1 |  1.2
Summonings     | 1 |  1.2
Necromancy     | 1 |  1.2
Transmutations | 1 |  1.2
Fire Magic     | 1 |  1.2
Ice Magic      | 1 |  1.2
Air Magic      | 1 |  1.2
Earth Magic    | 1 |  1.2
Poison Magic   | 1 |  1.2
Throwing       | 3 |  3.0
Armour         | 3 |  3.0
Fighting       | |  4.8
Polearms       | |  4.8
Dodging        | |  4.8
Translocations | |  5.5

Action                   |  1- 3 |  4- 6 || total
-------------------------+-------+-------++-------
Melee: Spear             |    54 |       ||    54
       Mace              |    96 |   101 ||   197
       Bite              |     9 |     6 ||    15
       Short sword       |       |     7 ||     7
       Trident           |       |     6 ||     6
 Cast: Gell's Gravitas   |       |     5 ||     5
       Blink             |       |     1 ||     1
  Use: Scroll            |     1 |       ||     1
       Potion            |       |     1 ||     1
Armor: Leather armour    |     5 |       ||     5
       Quicksilver drago |    67 |    71 ||   138
Dodge: Dodged            |    96 |    78 ||   174

Table legend: (Time is in decaauts)
 A = Elapsed time spent in this place.
 B = Non-inter-level travel time spent in this place.
 C = Inter-level travel time spent in this place.
 D = Time resting spent in this place.
 E = Time spent auto-exploring this place.
 F = Levels seen in this place.
 G = Mean time per level.
                   A        B        C        D        E       F      G
               +--------+--------+--------+--------+--------+-----+--------+
         Total |   3268 |   3268 |      0 |    925 |    978 |   4 |  817.0 |
       Dungeon |   3268 |   3268 |      0 |    925 |    978 |   4 |  817.0 |
               +--------+--------+--------+--------+--------+-----+--------+

Top non-repeatable levels by time:
     D:3: 1197 daAuts
     D:2: 1116 daAuts
     D:1: 950 daAuts
     D:4: 4 daAuts
